 Dungeon Crawl Stone Soup version 0.30-a0-125-g51eefa89be (webtiles) character file.

Game seed: 16396875786622416235

474 timneilson the Covered (level 7, -2/43 HPs)
             Began as a Gargoyle Fighter on Sept 18, 2022.
             Slain by an iguana (8 damage)
             ... on level 3 of the Dungeon.
             The game lasted 00:06:17 (3857 turns).

timneilson the Covered (Gargoyle Fighter)           Turns: 3857, Time: 00:06:17

Health: -2/43      AC: 15    Str: 21    XL:     7   Next: 10%
Magic:  7/7        EV: 12    Int:  9    God:
Gold:   119        SH:  5    Dex:  9    Spells: 6/6 levels left

rFire   . . .      SeeInvis .    a - +1 long sword
rCold   . . .      Faith    .    c - +1 buckler
rNeg    + . .      Spirit   .    g - +0 chain mail
rPois   ∞          Reflect  .    h - +0 helmet
rElec   +          Harm     .    (no cloak)
rCorr   .          Rampage  .    (no gloves)
Will    +....                    (no boots)
Stlth   ..........               (no amulet)
HPRegen 0.14/turn                m - +4 ring of evasion
MPRegen 0.10/turn                i - ring of willpower

@: no status effects
A: sickness immunity, AC +4, negative energy resistance 1, electricity
resistance, torment resistance 1, petrification resistance
a: no special abilities


You were on level 3 of the Dungeon.
You visited 1 branch of the dungeon, and saw 4 of its levels.
You also visited: Sewer.

You collected 119 gold pieces.

Inventory:

Hand Weapons
 a - a +1 long sword (weapon)
Armour
 c - a +1 buckler (worn)
 g - a +0 chain mail (worn)
 h - a +0 helmet (worn)
Jewellery
 i - a ring of willpower (right hand)
 m - a +4 ring of evasion (left hand)
Wands
 n - a wand of mindburst (13)
Scrolls
 f - a scroll of blinking
 j - a scroll of enchant weapon
 k - 2 scrolls of magic mapping
 p - a scroll of teleportation
 q - a scroll of fog
Potions
 d - 4 potions of might
 e - 2 potions of heal wounds
 l - a potion of ambrosia
 o - 2 potions of attraction
 r - a potion of flight


   Skills:
 + Level 4.2 Fighting
 * Level 3.6 Long Blades
 * Level 5.1 Armour
 + Level 1.7 Dodging
 * Level 5.1 Shields
 + Level 0.2 Evocations


You had 6 spell levels left.
You didn't know any spells.
Your spell library contained the following spells:

 Spells                   Type           Power      Damage    Failure   Level
 Sting                    Tmut/Pois      0%         1d3       99%         1
 Poisonous Vapours        Pois/Air       0%         N/A       100%        2
 Inner Flame              Hex/Fire       0%         N/A       100%        3
 Cause Fear               Hex            0%         N/A       100%        4
 Olgreb's Toxic Radiance  Pois           0%         N/A       100%        4
 Discord                  Hex            0%         N/A       100%        8


Dungeon Overview and Level Annotations

Branches:
Dungeon (4/15)              Sewer (visited)
 Temple: D:4-7

Altars:


Innate Abilities, Weirdness & Mutations

You are immune to sickness and miasma.
Your stone body is resilient. (AC +4)
You are immune to poison.
You resist negative energy. (rN+)
You are resistant to electric shocks. (rElec)
You are resistant to unholy torment.
You are immune to petrification.


Message History

The iguana hisses angrily.
Things that are here:
a +0 dagger; 2 stones; a kobold corpse An orc comes into view.
It is wielding a +0 war axe.
The quokka misses you.
You barely miss the quokka. You block the quokka's attack.
The iguana completely misses you.
You closely miss the iguana.
The quokka bites you but does no damage.
The iguana bites you!
The quokka bites you but does no damage.
You closely miss the iguana.
The iguana bites you but does no damage.
The quokka bites you but does no damage.
You barely miss the iguana.
The quokka bites you but does no damage.
The iguana bites you! The quokka closely misses you.
You are too injured to fight recklessly!
You are too injured to fight recklessly!
You are too injured to fight recklessly!
You are too injured to fight recklessly!
You are too injured to fight recklessly!
You are too injured to fight recklessly!
Unknown command.
The iguana attacks as you move away! The iguana closely misses you.
The orc attacks as you move away! The orc closely misses you.
The iguana attacks as you move away!
The iguana bites you but does no damage.
The orc attacks as you move away! The orc hits you but does no damage.
There is a stone staircase leading up here.
The iguana bites you!
* * * LOW HITPOINT WARNING * * *
The orc hits you but does no damage.
You climb upwards.
There is a stone staircase leading down here.
The iguana barely misses you. You block the orc's attack.
The orc attacks as you move away! The orc hits you with a +0 war axe.
* * * LOW HITPOINT WARNING * * *
The iguana attacks as you move away! The iguana bites you!
You die...

#................##...# #.
#........<...##'###...# #.
#.....###........##...#####.
#####.# #.........#.........
#####[###.........#.........
#.......'...................
#.###.###.........###.......
##.###.###.o>l...............
#........#..@......##........
####'###.#.#.........###.......
#......#.#.#.........# #.......
#......#.#.###'#####.# #....)..
#......#.#.###.# #.# ####'###
#......#.#.....# #.######....
#......###.###.#####...........
#......# #.#.........##########
#......###.#.........####### #


You could see an iguana and an orc.

Vanquished Creatures
  3 kobold brigands (Sewer)
  An orc priest (D:3)
  An iguana (D:4)
  Jessica (D:2)
  An orc wizard (D:3)
  5 adders
  2 river rats
  3 worms
  A dart slug (D:3)
  16 orcs (D:3)
  6 bats
  5 endoplasms
  5 goblins
  4 hobgoblins
  4 jackals (Sewer)
  6 ball pythons
  8 frilled lizards
  5 kobolds
  13 rats
90 creatures vanquished.

Vanquished Creatures (others)
  8 plants (Sewer)
8 creatures vanquished.

Grand Total: 98 creatures vanquished

Notes
Turn   | Place    | Note
-------+----------+-------------------------------------------
     0 | D:1      | timneilson the Gargoyle Fighter began the quest for the
                  | Orb.
     0 | D:1      | Reached XP level 1. HP: 14/14 MP: 1/1
   673 | D:1      | Reached XP level 2. HP: 4/19 MP: 2/2
   985 | D:2      | Found a faded altar of an unknown god.
  1132 | D:2      | Noticed Jessica
  1142 | D:2      | Killed Jessica
  1143 | D:2      | Reached XP level 3. HP: 22/23 MP: 3/3
  1275 | D:2      | Reached XP level 4. HP: 28/28 MP: 4/4
  1791 | D:3      | Found a glowing drain.
  1829 | Sewer    | Entered a sewer
  1975 | Sewer    | Noticed a kobold brigand
  2035 | Sewer    | Killed a kobold brigand
  2036 | Sewer    | Reached skill level 1 in Dodging
  2036 | Sewer    | Reached XP level 5. HP: 25/33 MP: 5/5
  2217 | Sewer    | Noticed a kobold brigand
  2253 | Sewer    | Killed a kobold brigand
  2254 | Sewer    | Reached XP level 6. HP: 31/38 MP: 6/6
  3055 | D:3      | Reached skill level 5 in Armour
  3421 | D:3      | Reached skill level 5 in Shields
  3612 | D:3      | Reached XP level 7. HP: 41/43 MP: 7/7
  3857 | D:3      | Slain by an iguana

Illustrated notes

Levels and vault maps discovered:
D:1:      psy_arrival_fountain, layout_rooms, minmay_misc_feat_cross
D:2:      layout_loops_ring, dreamdust_ecumenical_altar_angels_and_demons,
          minmay_rat_gold_closets, uniq_jessica
D:3:      layout_basic, portal_sewer_entry_b, chequers_serial_rivers_room_a
D:4:      layout_rooms, temple_green, nicolae_figureground_pulse

Skill      XL: |  1  2  3  4  5  6 |
---------------+-------------------+-----
Long Blades    | 2 3 |  3.6
Armour         | 4 5 |  5.1
Shields        | 4 5 |  5.1
Dodging        | 1 |  1.7
Fighting       | 4 |  4.2
Evocations     | |  0.2

Action                   |  1- 3 |  4- 6 |  7- 9 || total
-------------------------+-------+-------+-------++-------
Melee: Long sword        |    72 |   357 |    32 ||   461
  Use: Scroll            |     7 |     8 |     1 ||    16
       Potion            |       |     1 |       ||     1
Armor: Scale mail        |    32 |   123 |     4 ||   159
       Chain mail        |       |       |    12 ||    12
Dodge: Dodged            |    59 |   193 |    21 ||   273
Block: Buckler           |    13 |   100 |     9 ||   122

Table legend: (Time is in decaauts)
 A = Elapsed time spent in this place.
 B = Non-inter-level travel time spent in this place.
 C = Inter-level travel time spent in this place.
 D = Time resting spent in this place.
 E = Time spent auto-exploring this place.
 F = Levels seen in this place.
 G = Mean time per level.
                   A        B        C        D        E       F      G
               +--------+--------+--------+--------+--------+-----+--------+
         Total |   4127 |   4063 |     64 |    279 |   2652 |   5 |  825.4 |
       Dungeon |   2945 |   2881 |     64 |    279 |   1839 |   4 |  736.2 |
         Sewer |   1181 |   1181 |      0 |      0 |    813 |   1 | 1181.0 |
               +--------+--------+--------+--------+--------+-----+--------+

Top non-repeatable levels by time:
   Sewer: 1181 daAuts
     D:3: 1166 daAuts
     D:1: 902 daAuts
     D:2: 787 daAuts
     D:4: 88 daAuts
